 Dungeon Crawl Stone Soup version 0.29.0-4-gdea44cf6ec (webtiles) character file.

Game seed: 13587081561463238970

18604 qw the Severer (level 12, -12/106 HPs)
             Began as a Minotaur Fighter on Sept 8, 2022.
             Was a Priest of Ru.
             Killed from afar by an oklob plant (24 damage)
             ... with a splash of acid
             ... on level 1 of the Lair of Beasts.
             The game lasted 00:05:22 (13687 turns).

qw the Severer (Minotaur Fighter)                  Turns: 13687, Time: 00:05:22

Health: -12/106    AC: 25    Str: 30    XL:     12   Next: 29%
Magic:  11/11      EV:  4    Int:  5    God:    Ru [***...]
Gold:   55         SH: 29    Dex: 12    Spells: 11/11 levels left

rFire   . . .      SeeInvis +   Y - +2 broad axe (freeze)
rCold   . . .      Faith    .   f - +18 shield of the Gong {rElec rN+ Will+ EV-5}
rNeg    + . .      Spirit   .   p - +8 chain mail "Noopp" {rPois}
rPois   +          Reflect  .   j - +2 hat
rElec   +          Harm     .   a - +2 cloak
rCorr   .          Rampage  .   u - +0 pair of gloves
Will    +....                   (no boots)
Stlth   ..........              m - amulet of the acrobat
HPRegen 0.27/turn               b - +6 ring of strength
MPRegen 0.12/turn               k - ring of see invisible

@: no status effects
A: horns 2, hated by all, no fire magic, no necromancy magic, no transmutations
magic, missing an eye, retaliatory headbutt
a: Renounce Religion, Draw Out Power


You were on level 1 of the Lair of Beasts.
You worshipped Ru.
Ru was most pleased with you.
You visited 2 branches of the dungeon, and saw 13 of its levels.
You also visited: Sewer.

You collected 640 gold pieces.
You spent 585 gold pieces at shops.


Innate Abilities, Weirdness & Mutations

You have a pair of horns on your head.
You are hated by all.
You cannot study or cast Fire magic.
You cannot study or cast Necromancy magic.
You cannot study or cast Transmutations magic.
You are missing an eye, making it more difficult to aim.
You reflexively headbutt those who attack you in melee.


   Skills:
 - Level 10.0 Fighting
 + Level 17.5 Axes
 - Level 1.9 Throwing
 - Level 8.3 Armour
 - Level 4.5 Dodging
 - Level 11.1 Shields


You had 11 spell levels left.
You didn't know any spells.
Your spell library was empty.

Inventory:

Hand Weapons
 r - a +4 morningstar
 Y - a +2 broad axe of freezing (weapon)
Armour
 a - a +2 cloak (worn)
 f - the +18 shield of the Gong (worn) {rElec rN+ Will+ EV-5}
   (You acquired it on level 6 of the Dungeon)

   It is deafeningly noisy when blocking attacks.
   EV:        It affects your evasion (-5).
   rElec:     It insulates you from electricity.
   rN:        It protects you from negative energy.
   Will:      It increases your willpower.
 j - a +2 hat (worn)
 p - the +8 chain mail "Noopp" (worn) {rPois}
   (You bought it in a shop on level 11 of the Dungeon)

   rPois:     It protects you from poison.
 u - a +0 pair of gloves (worn)
Jewellery
 b - a +6 ring of strength (left hand)
 k - a ring of see invisible (right hand)
 m - an amulet of the acrobat (around neck)
Wands
 l - a wand of digging (9)
Scrolls
 i - a scroll of identify
Potions
 d - 2 potions of might
 e - a potion of haste
 g - a potion of heal wounds
 h - 11 potions of curing
 o - a potion of mutation
 q - a potion of ambrosia {unknown}
 t - a potion of lignification {unknown}

Dungeon Overview and Level Annotations

Branches:
Dungeon (12/15)            Temple (0/1) D:6            Lair (1/5) D:11
    Orc (0/2) D:11          Sewer (visited)

Altars:
Ashenzari
Dithmenos
Makhleb
Nemelex Xobeh
Qazlal
Ru
Sif Muna
Uskayaw
Wu Jian

Shops:
D:2 *   D:3 (   D:5 (   D:8 :   D:11 !([[!

Portals:
Trove: D:11 (give +6 demon trident)

Annotations:
D:3 1 runed translucent door, Crazy Yiuf


Message History

You block the splash of acid.
GONNNNG!
You hear an angry hiss.
You slash the black bear! You freeze the black bear.
Your headbutt misses the black bear.
The black bear is heavily wounded.
You block the black bear's attack.
BONNNG!
You block the black bear's attack.
GONNNNG!
The black bear claws you but does no damage.
The oklob plant spits acid at you. The splash of acid hits you!
The oklob plant spits acid at you. You block the splash of acid.
BONNNG!
You hear a loud, deep croak!
You completely miss the black bear.
You headbutt the black bear, but do no damage.
The black bear is heavily wounded.
You block the black bear's attack.
PANG!
You block the black bear's attack.
BONNNG!
The black bear claws you but does no damage.
You closely miss the black bear.
The black bear is heavily wounded.
The oklob plant spits acid at you. The splash of acid hits you!!
The acid corrodes you! The oklob plant spits acid at you.
The splash of acid hits you!! The acid corrodes you!
You focus your inner power and blind the oklob plant in retribution!
You redirect the black bear's attack!
The black bear bites itself!
The black bear claws itself.
The black bear claws itself but does no damage.
13687 ||| DRINKING potion of cancellation.
Your magical effects are unravelling.
You feel magically purged.
You are no longer corroded.
The oklob plant spits acid at you. The splash of acid hits you!!
You die...

######## #P.PP.P#
#~~~~~~# #~....~#
######## ###......#
#....... #$.......###
##.#.####
#[....h@.'.#####..######
#).......#..........<...
###......##..P>.....###.
#~....~#P..#.P...####.
#~~~~~~#.........##P..
#PP.P.P#.#.#...P......
##########.#.######...
#...# ###. #.#.# ####.


You could see 5 oklob plants and a black bear (distracted).

Vanquished Creatures
  A hydra (D:11)
  3 two-headed ogres
  6 death yaks (Lair:1)
  Maggie (D:10)
  A gargoyle (D:11)
  A cane toad (Lair:1)
  An unseen horror (D:10)
  2 komodo dragons
  2 trolls (D:10)
  A hornet (D:7)
  2 shadows
  A wyvern (D:5)
  A wraith (D:11)
  Eustachio (D:4)
  34 yaks
  A steam dragon (D:8)
  Grum (Lair:1)
  Edmund (D:5)
  An acid dragon (D:12)
  Duvessa (D:4)
  A black bear (D:5)
  3 orc warriors
  4 sky beasts
  4 wolves (Lair:1)
  2 ogres
  5 centaurs
  A phantom (D:5)
  A kobold brigand (D:9)
  3 gnoll sergeants
  7 bullfrogs
  3 scorpions
  4 wights (D:7)
  Dowan (D:4)
  4 howler monkeys
  A crimson imp (D:5)
  A jelly (D:3)
  5 orc priests
  Terence (D:3)
  4 hounds
  Natasha (thrice) (D:4)
  11 iguanas
  13 orc wizards
  Robin (D:3)
  13 gnolls
  10 adders
  4 river rats
  3 white imps (D:7)
  2 dart slugs
  35 orcs
  14 ball pythons
  10 endoplasms
  3 giant cockroaches
  17 goblins
  8 hobgoblins
  2 jackals (D:4)
  8 kobolds
  A quokka (D:1)
  6 bats
  5 frilled lizards
  21 rats
308 creatures vanquished.

Vanquished Creatures (others)
  A manticore (D:11)
  3 yaks
  An orc warrior (D:9)
  3 orcs (D:9)
  5 fungi
  9 plants (Lair:1)
22 creatures vanquished.

Grand Total: 330 creatures vanquished

Notes
Turn   | Place    | Note
-------+----------+-------------------------------------------
     0 | D:1      | qw the Minotaur Fighter began the quest for the Orb.
     0 | D:1      | Reached XP level 1. HP: 19/19 MP: 0/0
     0 | D:1      | 0 ||| qw: Version: 0.1-a-112-g44dc6cd
     0 | D:1      | 0 ||| qw: Game counter: 6659
     0 | D:1      | 0 ||| qw: Always use a shield: true
     0 | D:1      | 0 ||| qw: God list: Ru
     0 | D:1      | 0 ||| qw: Allow faded altars: false
     0 | D:1      | 0 ||| qw: Do Orc after D:15 true
     0 | D:1      | 0 ||| qw: Do second Lair branch before Depths: true
     0 | D:1      | 0 ||| qw: Lair rune preference: random
     0 | D:1      | 0 ||| qw: Plans: Normal
     0 | D:1      | 0 ||| PLANNING D:1-11
    31 | D:1      | Found a faded altar of an unknown god.
    43 | D:1      | Reached skill level 3 in Axes
   132 | D:1      | 132 ||| Stepping ~*~*~tactically~*~*~ (stealth).
   137 | D:1      | 137 ||| Stepping ~*~*~tactically~*~*~ (stealth).
   139 | D:1      | Reached XP level 2. HP: 21/26 MP: 1/1
   250 | D:1      | 250 ||| Stepping ~*~*~tactically~*~*~ (stealth).
   444 | D:1      | 444 ||| Stepping ~*~*~tactically~*~*~ (stealth).
   446 | D:1      | 446 ||| Stepping ~*~*~tactically~*~*~ (stealth).
   452 | D:1      | Reached skill level 4 in Axes
   724 | D:1      | Reached XP level 3. HP: 31/31 MP: 2/2
   850 | D:1      | 850 ||| UPGRADING to +0 chain mail.
   860 | D:1      | 860 ||| DROPPING +0 scale mail.
   861 | D:1      | 861 ||| READING scroll labelled CUSEOLOBOD.
   862 | D:1      | 862 ||| READING scroll labelled TAWNUEFEITS.
   865 | D:1      | 865 ||| DRINKING 2 lumpy red potions.
  1065 | D:2      | Found Yrehysett's General Store.
  1069 | D:2      | Found an ornate altar of the Wu Jian Council.
  1620 | D:2      | 1620 ||| DROPPING +0 club.
  1624 | D:2      | 1624 ||| SHOPLISTING +5 morningstar of Gallantry {vamp, rN+
                  | Will+} (645 gold, have 73).
  1624 | D:2      | 1624 ||| BUYING potion of curing (36 gold).
  1624 | D:2      | Bought a potion of curing for 36 gold pieces
  1624 | D:2      | 1624 ||| UPGRADING to +6 ring of strength.
  1691 | D:3      | Reached skill level 5 in Axes
  1691 | D:3      | 1691 ||| STAIRDANCE
  1838 | D:3      | 1838 ||| Stepping randomly (stuck).
  1924 | D:3      | Reached skill level 1 in Dodging
  1924 | D:3      | Reached XP level 4. HP: 32/39 MP: 3/3
  1983 | D:3      | Found Cayhumnuu's Antique Weapon Shop.
  2001 | D:3      | 2001 ||| Stepping ~*~*~tactically~*~*~ (hiding).
  2038 | D:3      | Noticed Robin
  2039 | D:3      | 2039 ||| Stepping ~*~*~tactically~*~*~ (stealth).
  2040 | D:3      | 2040 ||| Stepping ~*~*~tactically~*~*~ (stealth).
  2056 | D:3      | 2056 ||| Stepping ~*~*~tactically~*~*~ (hiding).
  2062 | D:3      | Killed Robin
  2209 | D:3      | 2209 ||| Stepping ~*~*~tactically~*~*~ (stealth).
  2326 | D:3      | Noticed Terence
  2336 | D:3      | Killed Terence
  2337 | D:3      | Reached skill level 6 in Axes
  2337 | D:3      | Reached XP level 5. HP: 37/45 MP: 4/4
  2655 | D:3      | Found a runed translucent door.
  2656 | D:3      | Noticed Crazy Yiuf
  2749 | D:3      | Identified the +8 quarterstaff of the Big Fish {vorpal,
                  | Int+3}
  2835 | D:3      | 2835 ||| UPGRADING to amulet of the acrobat.
  2840 | D:3      | 2840 ||| READING scroll labelled XIEFRIA ETIUR.
  2841 | D:3      | 2841 ||| DRINKING 2 viscous green potions.
  2842 | D:3      | 2842 ||| DROPPING potion of degeneration.
  2853 | D:4      | Noticed Natasha
  2854 | D:4      | 2854 ||| PLANNING SEWER
  2864 | D:4      | Killed Natasha
  2901 | D:4      | Noticed Natasha
  2902 | D:4      | 2902 ||| FLEEEEING.
  2903 | D:4      | 2903 ||| STAIRDANCE
  3014 | D:4      | Killed Natasha
  3293 | D:4      | Identified the +0 quarterstaff of Rycwyce {flame, Str+3}
  3339 | D:4      | Found a glowing drain.
  3348 | Sewer    | Entered a sewer
  3427 | Sewer    | 3427 ||| Stepping ~*~*~tactically~*~*~ (water).
  3431 | Sewer    | Reached skill level 7 in Axes
  3520 | Sewer    | Reached XP level 6. HP: 48/52 MP: 5/5
  3712 | Sewer    | HP: 12/52 [bullfrog (3)]
  3713 | Sewer    | 3713 ||| READING 3 scrolls of teleportation.
  3714 | Sewer    | 3714 ||| DRINKING 2 potions of heal wounds.
  3945 | Sewer    | 3945 ||| Stepping ~*~*~tactically~*~*~ (stealth).
  3946 | Sewer    | 3946 ||| Stepping ~*~*~tactically~*~*~ (stealth).
  3947 | Sewer    | 3947 ||| Stepping ~*~*~tactically~*~*~ (stealth).
  3957 | Sewer    | Reached skill level 8 in Axes
  4027 | Sewer    | 4027 ||| READING 2 scrolls labelled KEFUWN UZUNLOY.
  4028 | Sewer    | 4028 ||| READING scroll of enchant weapon.
  4028 | Sewer    | 4028 ||| ENCHANTING +1 war axe.
  4029 | Sewer    | 4029 ||| READING scroll labelled XARALO FARE.
  4030 | Sewer    | 4030 ||| READING scroll labelled RUNIN FUINUMO.
  4031 | Sewer    | 4031 ||| DRINKING 2 dark potions.
  4032 | Sewer    | 4032 ||| DROPPING potion of invisibility.
  4036 | D:4      | 4036 ||| PLANNING D:1-11
  4066 | D:4      | Noticed Natasha
  4067 | D:4      | 4067 ||| Stepping ~*~*~tactically~*~*~ (stealth).
  4075 | D:4      | Killed Natasha
  4083 | D:4      | 4083 ||| Stepping ~*~*~tactically~*~*~ (stealth).
  4168 | D:4      | Noticed Eustachio
  4172 | D:4      | Reached XP level 7. HP: 53/59 MP: 6/6
  4177 | D:4      | Reached skill level 9 in Axes
  4185 | D:4      | Killed Eustachio
  4278 | D:4      | 4278 ||| DROPPING +0 whip.
  4307 | D:4      | Noticed Dowan
  4308 | D:4      | Noticed Duvessa
  4315 | D:4      | Killed Dowan
  4315 | D:4      | HP: 14/61 [Duvessa/+0 short sword (11)]
  4316 | D:4      | 4316 ||| READING 3 scrolls of teleportation.
  4316 | D:4      | HP: 3/61 [Duvessa/+0 short sword (11)]
  4317 | D:4      | 4317 ||| DRINKING potion of heal wounds.
  4575 | D:4      | Found a shimmering blue altar of Sif Muna.
  4585 | D:4      | Found a hide-covered altar of Uskayaw.
  4589 | D:4      | Found a broken altar of Ashenzari.
  4620 | D:4      | 4620 ||| Stepping ~*~*~tactically~*~*~ (stealth).
  4627 | D:4      | Killed Duvessa
  4633 | D:4      | HP: 12/61 [iguana (9)]
  4634 | D:4      | 4634 ||| READING 2 scrolls of teleportation.
  4637 | D:4      | Reached skill level 10 in Axes
  4924 | D:4      | Found a hazy altar of Hepliaklqana.
  4925 | D:4      | Found a shadowy altar of Dithmenos.
  4925 | D:4      | Noticed a shadow
  5102 | D:4      | Found a sacrificial altar of Ru.
  5105 | D:4      | Became a worshipper of Ru the Awakened
  5115 | D:5      | Entered Level 5 of the Dungeon
  5116 | D:5      | 5116 ||| STAIRDANCE
  5253 | D:5      | Noticed Edmund
  5267 | D:5      | Killed Edmund
  5268 | D:5      | Reached skill level 6 in Fighting
  5268 | D:5      | Reached XP level 8. HP: 47/70 MP: 7/7
  5380 | D:5      | Found Isserits's Weapon Emporium.
  5386 | D:5      | 5386 ||| BUYING +0 morningstar (48 gold).
  5386 | D:5      | Bought a +0 morningstar for 48 gold pieces
  5386 | D:5      | 5386 ||| DROPPING +0 flail.
  5417 | D:5      | 5417 ||| Stepping ~*~*~tactically~*~*~ (stealth).
  5455 | D:5      | Found a stormy altar of Qazlal.
  5463 | D:5      | 5463 ||| Stepping ~*~*~tactically~*~*~ (stealth).
  5628 | D:5      | 5628 ||| Stepping ~*~*~tactically~*~*~ (stealth).
  5629 | D:5      | 5629 ||| Stepping ~*~*~tactically~*~*~ (stealth).
  5834 | D:5      | Reached skill level 11 in Axes
  5834 | D:5      | 5834 ||| Stepping ~*~*~tactically~*~*~ (hiding).
  6129 | D:5      | 6129 ||| Stepping ~*~*~tactically~*~*~ (stealth).
  6130 | D:5      | 6130 ||| Stepping ~*~*~tactically~*~*~ (stealth).
  6364 | D:5      | 6364 ||| Stepping ~*~*~tactically~*~*~ (stealth).
  6533 | D:5      | Found a burning altar of Makhleb.
  6537 | D:5      | Reached skill level 1 in Throwing
  6609 | D:5      | Reached skill level 12 in Axes
  6755 | D:5      | Reached XP level 9. HP: 58/79 MP: 8/8
  7026 | D:5      | 7026 ||| DROPPING amulet of magic regeneration.
  7027 | D:5      | 7027 ||| READING scroll labelled TUSOESEWIAF.
  7062 | D:6      | Found a sparkling altar of Nemelex Xobeh.
  7213 | D:6      | Found a staircase to the Ecumenical Temple.
  7302 | D:6      | 7302 ||| Stepping ~*~*~tactically~*~*~ (stealth).
  7303 | D:6      | 7303 ||| Stepping ~*~*~tactically~*~*~ (stealth).
  7370 | D:6      | 7370 ||| Stepping ~*~*~tactically~*~*~ (hiding).
  7385 | D:6      | 7385 ||| Stepping ~*~*~tactically~*~*~ (stealth).
  7386 | D:6      | 7386 ||| Stepping ~*~*~tactically~*~*~ (stealth).
  7405 | D:6      | 7405 ||| Stepping ~*~*~tactically~*~*~ (stealth).
  7406 | D:6      | 7406 ||| Stepping ~*~*~tactically~*~*~ (stealth).
  7407 | D:6      | 7407 ||| Stepping ~*~*~tactically~*~*~ (stealth).
  7408 | D:6      | 7408 ||| INVOKING Sacrifice an Eye.
  7408 | D:6      | Gained mutation: You are missing an eye, making it more
                  | difficult to aim. [Ru sacrifice]
  7408 | D:6      | Reached * piety under Ru
  7409 | D:6      | 7409 ||| Stepping ~*~*~tactically~*~*~ (stealth).
  7410 | D:6      | 7410 ||| Stepping ~*~*~tactically~*~*~ (stealth).
  7411 | D:6      | 7411 ||| Stepping ~*~*~tactically~*~*~ (stealth).
  7412 | D:6      | 7412 ||| Stepping ~*~*~tactically~*~*~ (stealth).
  7708 | D:6      | 7708 ||| READING scroll labelled FODGHA ABAF.
  7709 | D:6      | 7709 ||| READING scroll labelled KEISHR ARIGGYCEB.
  7837 | D:7      | 7837 ||| Stepping ~*~*~tactically~*~*~ (stealth).
  7838 | D:7      | 7838 ||| Stepping ~*~*~tactically~*~*~ (stealth).
  7856 | D:7      | 7856 ||| Stepping ~*~*~tactically~*~*~ (stealth).
  7859 | D:7      | 7859 ||| Stepping ~*~*~tactically~*~*~ (stealth).
  7914 | D:7      | Reached skill level 13 in Axes
  7940 | D:7      | 7940 ||| Stepping ~*~*~tactically~*~*~ (stealth).
  7943 | D:7      | 7943 ||| Stepping ~*~*~tactically~*~*~ (stealth).
  7945 | D:7      | 7945 ||| Stepping ~*~*~tactically~*~*~ (stealth).
  7954 | D:7      | Reached skill level 3 in Dodging
  7954 | D:7      | 7954 ||| Stepping ~*~*~tactically~*~*~ (stealth).
  7955 | D:7      | 7955 ||| Stepping ~*~*~tactically~*~*~ (stealth).
  7957 | D:7      | 7957 ||| FLEEEEING.
  7959 | D:7      | 7959 ||| Stepping ~*~*~tactically~*~*~ (stealth).
  7960 | D:7      | 7960 ||| Stepping ~*~*~tactically~*~*~ (stealth).
  7972 | D:7      | HP: 20/81 [yak (11)]
  7973 | D:7      | 7973 ||| READING 2 scrolls of teleportation.
  7974 | D:7      | 7974 ||| DRINKING 2 potions of heal wounds.
  7978 | D:7      | 7978 ||| FLEEEEING.
  7979 | D:7      | 7979 ||| FLEEEEING.
  7980 | D:7      | 7980 ||| FLEEEEING.
  7981 | D:7      | 7981 ||| FLEEEEING.
  7982 | D:7      | 7982 ||| FLEEEEING.
  7983 | D:7      | 7983 ||| FLEEEEING.
  7984 | D:7      | 7984 ||| FLEEEEING.
  7990 | D:7      | 7990 ||| FLEEEEING.
  7991 | D:7      | 7991 ||| STAIRDANCE
  8259 | D:7      | 8259 ||| Stepping ~*~*~tactically~*~*~ (stealth).
  8311 | D:7      | 8311 ||| DROPPING +0 morningstar.
  8390 | D:7      | 8390 ||| Stepping ~*~*~tactically~*~*~ (stealth).
  8391 | D:7      | 8391 ||| Stepping ~*~*~tactically~*~*~ (stealth).
  8409 | D:7      | Paralysed by a hornet for 3 turns
  8415 | D:7      | Paralysed by a hornet for 2 turns
  8421 | D:7      | Reached skill level 14 in Axes
  8438 | D:7      | HP: 20/81 [something (6)]
  8439 | D:7      | 8439 ||| READING scroll of teleportation.
  8440 | D:7      | 8440 ||| DRINKING potion of heal wounds.
  8443 | D:7      | Reached XP level 10. HP: 25/88 MP: 9/9
  8490 | D:7      | 8490 ||| FLEEEEING.
  8491 | D:7      | 8491 ||| FLEEEEING.
  8492 | D:7      | 8492 ||| FLEEEEING.
  8494 | D:7      | 8494 ||| FLEEEEING.
  8495 | D:7      | 8495 ||| FLEEEEING.
  8496 | D:7      | 8496 ||| FLEEEEING.
  8497 | D:7      | 8497 ||| FLEEEEING.
  8498 | D:7      | 8498 ||| FLEEEEING.
  8499 | D:7      | 8499 ||| FLEEEEING.
  8500 | D:7      | 8500 ||| FLEEEEING.
  8501 | D:7      | 8501 ||| STAIRDANCE
  8703 | D:6      | 8703 ||| READING scroll labelled BUJ YGAGECH.
  8704 | D:6      | 8704 ||| READING 2 scrolls labelled YTESYT NUTERUL.
  8704 | D:6      | Identified 2 scrolls of acquirement
  8704 | D:6      | 8704 ||| ACQUIRING +18 shield of the Gong {rElec rN+ Will+
                  | EV-5}
  8704 | D:6      | Acquired the +18 shield of the Gong {rElec rN+ Will+ EV-5}
  8704 | D:6      | Found the +18 shield of the Gong {rElec rN+ Will+ EV-5}
  8706 | D:6      | 8706 ||| UPGRADING to +18 shield of the Gong {rElec rN+
                  | Will+ EV-5}.
  8716 | D:6      | 8716 ||| DROPPING +0 buckler.
  8717 | D:6      | 8717 ||| READING scroll of acquirement.
  8717 | D:6      | 8717 ||| ACQUIRING +0 broad axe of freezing
  8717 | D:6      | Acquired a +0 broad axe of freezing
  8719 | D:6      | 8719 ||| SWAPPING to +0 broad axe of freezing.
  8720 | D:6      | 8720 ||| DROPPING +2 war axe.
  9015 | D:7      | 9015 ||| DRINKING 3 fuming cyan potions.
  9016 | D:7      | 9016 ||| READING 2 scrolls of identify.
  9016 | D:7      | 9016 ||| IDENTIFYING yellow potion
  9017 | D:7      | 9017 ||| DROPPING 2 potions of brilliance.
  9037 | D:8      | Found Queres's Self-Improvement Boutique.
  9090 | D:8      | 9090 ||| READING scroll of enchant weapon.
  9090 | D:8      | 9090 ||| ENCHANTING +0 broad axe of freezing.
  9400 | D:8      | 9400 ||| Stepping ~*~*~tactically~*~*~ (hiding).
  9406 | D:8      | 9406 ||| Stepping ~*~*~tactically~*~*~ (hiding).
  9407 | D:8      | 9407 ||| Stepping ~*~*~tactically~*~*~ (hiding).
  9425 | D:8      | Reached skill level 6 in Shields
  9459 | D:8      | 9459 ||| Stepping ~*~*~tactically~*~*~ (stealth).
  9588 | D:8      | Found an ornate altar of the Wu Jian Council.
  9680 | D:8      | 9680 ||| UPGRADING to +1 cloak.
  9767 | D:9      | 9767 ||| Stepping ~*~*~tactically~*~*~ (stealth).
  9770 | D:9      | 9770 ||| Stepping ~*~*~tactically~*~*~ (stealth).
  9775 | D:9      | 9775 ||| Stepping ~*~*~tactically~*~*~ (hiding).
  9777 | D:9      | 9777 ||| Stepping ~*~*~tactically~*~*~ (hiding).
  9813 | D:9      | 9813 ||| FLEEEEING.
  9814 | D:9      | 9814 ||| FLEEEEING.
  9818 | D:9      | 9818 ||| STAIRDANCE
 10003 | D:9      | 10003 ||| INVOKING Sacrifice Arcana.
 10003 | D:9      | Gained mutation: You cannot study or cast Fire magic. [Ru
                  | sacrifice]
 10003 | D:9      | Gained mutation: You cannot study or cast Transmutations
                  | magic. [Ru sacrifice]
 10003 | D:9      | Gained mutation: You cannot study or cast Necromancy magic.
                  | [Ru sacrifice]
 10003 | D:9      | Reached ** piety under Ru
 10219 | D:9      | Noticed a two-headed ogre
 10233 | D:9      | Killed a two-headed ogre
 10253 | D:9      | 10253 ||| UPGRADING to +2 hat.
 10337 | D:9      | 10337 ||| READING 3 scrolls of identify.
 10337 | D:9      | 10337 ||| IDENTIFYING ruby potion
 10338 | D:9      | 10338 ||| READING 2 scrolls of identify.
 10338 | D:9      | 10338 ||| IDENTIFYING metallic yellow potion
 10339 | D:9      | 10339 ||| DROPPING potion of attraction.
 10340 | D:9      | 10340 ||| Stepping randomly (stuck).
 10395 | D:9      | 10395 ||| Stepping ~*~*~tactically~*~*~ (stealth).
 10396 | D:9      | 10396 ||| Stepping ~*~*~tactically~*~*~ (stealth).
 10659 | D:9      | 10659 ||| Stepping randomly (stuck).
 10778 | D:9      | 10778 ||| READING scroll of enchant weapon.
 10778 | D:9      | 10778 ||| ENCHANTING +1 broad axe of freezing.
 10855 | D:9      | 10855 ||| Stepping randomly (stuck).
 10893 | D:9      | 10893 ||| Stepping randomly (stuck).
 10894 | D:9      | 10894 ||| Stepping randomly (stuck).
 10895 | D:9      | 10895 ||| Stepping randomly (stuck).
 10898 | D:9      | 10898 ||| Stepping randomly (stuck).
 10899 | D:9      | 10899 ||| Stepping randomly (stuck).
 10936 | D:10     | Entered Level 10 of the Dungeon
 10986 | D:10     | 10986 ||| Stepping ~*~*~tactically~*~*~ (hiding).
 10989 | D:10     | 10989 ||| Stepping ~*~*~tactically~*~*~ (hiding).
 10990 | D:10     | 10990 ||| Stepping ~*~*~tactically~*~*~ (hiding).
 10990 | D:10     | Noticed a two-headed ogre
 11002 | D:10     | Killed a two-headed ogre
 11038 | D:10     | 11038 ||| Stepping ~*~*~tactically~*~*~ (stealth).
 11043 | D:10     | Noticed Maggie
 11044 | D:10     | 11044 ||| Stepping ~*~*~tactically~*~*~ (hiding).
 11049 | D:10     | Reached skill level 15 in Axes
 11060 | D:10     | Killed Maggie
 11085 | D:10     | Reached XP level 11. HP: 62/95 MP: 10/10
 11093 | D:10     | 11093 ||| FLEEEEING.
 11094 | D:10     | 11094 ||| FLEEEEING.
 11095 | D:10     | 11095 ||| FLEEEEING.
 11096 | D:10     | 11096 ||| FLEEEEING.
 11101 | D:10     | 11101 ||| FLEEEEING.
 11102 | D:10     | 11102 ||| Stepping ~*~*~tactically~*~*~ (hiding).
 11216 | D:10     | 11216 ||| READING scroll of enchant armour.
 11216 | D:10     | 11216 ||| ENCHANTING +1 cloak.
 11294 | D:10     | 11294 ||| Stepping ~*~*~tactically~*~*~ (stealth).
 11316 | D:10     | Reached skill level 9 in Fighting
 11421 | D:10     | Identified the +3 sling of the Extremes {vorpal, Int+3}
 11431 | D:10     | 11431 ||| Stepping ~*~*~tactically~*~*~ (stealth).
 11443 | D:10     | Reached skill level 6 in Armour
 11476 | D:10     | 11476 ||| FLEEEEING.
 11511 | D:10     | 11511 ||| FLEEEEING.
 11512 | D:10     | 11512 ||| FLEEEEING.
 11513 | D:10     | 11513 ||| FLEEEEING.
 11514 | D:10     | 11514 ||| FLEEEEING.
 11515 | D:10     | 11515 ||| FLEEEEING.
 11516 | D:10     | 11516 ||| FLEEEEING.
 11517 | D:10     | 11517 ||| FLEEEEING.
 11518 | D:10     | 11518 ||| FLEEEEING.
 11519 | D:10     | 11519 ||| FLEEEEING.
 11520 | D:10     | 11520 ||| FLEEEEING.
 11521 | D:10     | 11521 ||| FLEEEEING.
 11522 | D:10     | 11522 ||| FLEEEEING.
 11523 | D:10     | 11523 ||| FLEEEEING.
 11524 | D:10     | 11524 ||| FLEEEEING.
 11525 | D:10     | 11525 ||| FLEEEEING.
 11526 | D:10     | 11526 ||| FLEEEEING.
 11527 | D:10     | 11527 ||| FLEEEEING.
 11528 | D:10     | 11528 ||| FLEEEEING.
 11529 | D:10     | 11529 ||| FLEEEEING.
 11530 | D:10     | 11530 ||| FLEEEEING.
 11531 | D:10     | 11531 ||| FLEEEEING.
 11532 | D:10     | 11532 ||| FLEEEEING.
 11533 | D:10     | 11533 ||| FLEEEEING.
 11534 | D:10     | 11534 ||| FLEEEEING.
 11535 | D:10     | 11535 ||| FLEEEEING.
 11536 | D:10     | 11536 ||| FLEEEEING.
 11537 | D:10     | 11537 ||| FLEEEEING.
 11538 | D:10     | 11538 ||| FLEEEEING.
 11539 | D:10     | 11539 ||| FLEEEEING.
 11540 | D:10     | 11540 ||| FLEEEEING.
 11541 | D:10     | 11541 ||| FLEEEEING.
 11542 | D:10     | 11542 ||| FLEEEEING.
 11543 | D:10     | 11543 ||| FLEEEEING.
 11544 | D:10     | 11544 ||| FLEEEEING.
 11545 | D:10     | 11545 ||| STAIRDANCE
 11610 | D:9      | 11610 ||| DROPPING +2 cloak.
 11611 | D:9      | 11611 ||| READING 2 scrolls labelled MAOHISHR SO FUMP.
 11612 | D:9      | 11612 ||| DROPPING scroll of noise.
 11620 | D:10     | 11620 ||| STAIRDANCE
 11776 | D:10     | 11776 ||| Stepping ~*~*~tactically~*~*~ (stealth).
 11783 | D:10     | 11783 ||| Stepping ~*~*~tactically~*~*~ (hiding).
 12110 | D:10     | 12110 ||| UPGRADING to +0 plate armour.
 12120 | D:10     | 12120 ||| DROPPING +0 chain mail.
 12121 | D:10     | 12121 ||| READING scroll of enchant armour.
 12121 | D:10     | 12121 ||| ENCHANTING +0 plate armour.
 12122 | D:10     | 12122 ||| DRINKING 2 coppery potions.
 12123 | D:10     | 12123 ||| DROPPING potion of flight.
 12143 | D:11     | 12143 ||| STAIRDANCE
 12166 | D:11     | 12166 ||| STAIRDANCE
 12252 | D:10     | 12252 ||| INVOKING Sacrifice Love.
 12252 | D:10     | Gained mutation: You are hated by all. [Ru sacrifice]
 12252 | D:10     | Reached *** piety under Ru
 12271 | D:11     | Found a staircase to the Lair.
 12354 | D:11     | Found Hotsipy's Antique Armour Emporium.
 12361 | D:11     | 12361 ||| BUYING slimy chain mail (247 gold).
 12361 | D:11     | Bought a slimy chain mail for 247 gold pieces
 12361 | D:11     | Identified the +8 chain mail "Noopp" {rPois} (You bought it
                  | in a shop on level 11 of the Dungeon)
 12401 | D:11     | Found Tinwan's Distillery.
 12406 | D:11     | 12406 ||| BUYING potion of cancellation (112 gold).
 12406 | D:11     | Bought a potion of cancellation for 112 gold pieces
 12406 | D:11     | 12406 ||| BUYING potion of curing (42 gold).
 12406 | D:11     | Bought a potion of curing for 42 gold pieces
 12406 | D:11     | 12406 ||| BUYING potion of curing (42 gold).
 12406 | D:11     | Bought a potion of curing for 42 gold pieces
 12406 | D:11     | 12406 ||| SHOPLISTING potion of haste (140 gold, have 67).
 12406 | D:11     | 12406 ||| SHOPLISTING potion of heal wounds (70 gold, have
                  | 67).
 12406 | D:11     | 12406 ||| SHOPLISTING potion of resistance (140 gold, have
                  | 67).
 12431 | D:11     | 12431 ||| Stepping ~*~*~tactically~*~*~ (hiding).
 12432 | D:11     | 12432 ||| Stepping ~*~*~tactically~*~*~ (hiding).
 12444 | D:11     | Reached skill level 16 in Axes
 12524 | D:11     | 12524 ||| Stepping ~*~*~tactically~*~*~ (stealth).
 12524 | D:11     | Found Qiqu Hia's Antique Weapon Shoppe.
 12564 | D:11     | Found a portal to a secret trove of treasure.
 12606 | D:11     | Found a staircase to the Orcish Mines.
 12621 | D:11     | Found Vifebal's Armour Emporium.
 12621 | D:11     | Noticed a seven-headed hydra
 12625 | D:11     | 12625 ||| SWAPPING to +4 morningstar.
 12630 | D:11     | Killed a seven-headed hydra
 12631 | D:11     | 12631 ||| SWAPPING to +2 broad axe of freezing.
 12747 | D:11     | 12747 ||| BUYING +0 pair of gloves (58 gold).
 12747 | D:11     | Bought a +0 pair of gloves for 58 gold pieces
 12747 | D:11     | 12747 ||| SHOPLISTING +2 pair of gloves of hurling (279
                  | gold, have 9).
 12793 | D:11     | Found Vemyales's Distillery.
 12818 | D:11     | 12818 ||| SHOPLISTING 2 potions of resistance (200 gold,
                  | have 9).
 12818 | D:11     | 12818 ||| SHOPLISTING potion of curing (30 gold, have 9).
 12818 | D:11     | 12818 ||| SHOPLISTING potion of might (40 gold, have 9).
 12818 | D:11     | 12818 ||| SHOPLISTING potion of resistance (100 gold, have
                  | 9).
 12995 | D:11     | You fall into a shaft and drop 1 floor!
 13016 | D:12     | 13016 ||| UPGRADING to +8 chain mail "Noopp" {rPois}.
 13026 | D:12     | 13026 ||| DROPPING +1 plate armour.
 13027 | D:12     | 13027 ||| UPGRADING to +0 pair of gloves.
 13030 | D:12     | Noticed a two-headed ogre
 13039 | D:12     | Killed a two-headed ogre
 13040 | D:12     | 13040 ||| UPGRADING to ring of see invisible.
 13041 | D:12     | 13041 ||| READING 2 scrolls of identify.
 13041 | D:12     | 13041 ||| IDENTIFYING fuming purple potion
 13042 | D:12     | 13042 ||| DROPPING potion of magic.
 13109 | D:11     | 13109 ||| PLANNING LAIR
 13125 | Lair:1   | Entered Level 1 of the Lair of Beasts
 13125 | Lair:1   | Noticed a death yak
 13125 | Lair:1   | Noticed a death yak
 13125 | Lair:1   | Noticed a death yak
 13125 | Lair:1   | Noticed a death yak
 13125 | Lair:1   | Noticed a death yak
 13126 | Lair:1   | Noticed a death yak
 13135 | Lair:1   | Killed a death yak
 13135 | Lair:1   | Killed a death yak
 13136 | Lair:1   | Reached skill level 17 in Axes
 13136 | Lair:1   | Reached XP level 12. HP: 87/104 MP: 11/11
 13138 | Lair:1   | Killed a death yak
 13147 | Lair:1   | Killed a death yak
 13149 | Lair:1   | Killed a death yak
 13155 | Lair:1   | Killed a death yak
 13510 | Lair:1   | 13510 ||| Stepping ~*~*~tactically~*~*~ (stealth).
 13518 | Lair:1   | Noticed Grum
 13519 | Lair:1   | 13519 ||| Stepping ~*~*~tactically~*~*~ (hiding).
 13526 | Lair:1   | Killed Grum
 13686 | Lair:1   | HP: 12/106 [oklob plant/splash of acid (21)]
 13687 | Lair:1   | 13687 ||| DRINKING potion of cancellation.
 13687 | Lair:1   | Killed from afar by an oklob plant

Levels and vault maps discovered:
D:1:      lemuel_arrival_broad_hall, layout_basic,
          hellmonk_ecumenical_altar_heavens_door
D:2:      layout_basic, serial_shops, nicolae_shop_waterfront, basic_altar,
          kennysheep_small_spiral
D:3:      layout_loops_ring, serial_glass, glass_columns_a, glass_columns_b,
          glass_columns_b, glass_columns_c, serial_shops, nicolae_diamond_shop,
          chequers_serial_rivers_micro_e, uniq_terence, uniq_robin,
          uniq_crazy_yiuf_cottage
D:4:      kennysheep_six_static_rooms, layout_cave_pools,
          riverfiend_overflow_shadow_ancestor, kennysheep_mini,
          minmay_overflow_temple_star_quad, portal_sewer_entry_a,
          kennysheep_minor_cross, uniq_duvessa, uniq_natasha, uniq_eustachio
D:5:      layout_basic, grunt_qazlal_clouds, makhleb_grotto_becter,
          serial_shops, shop, uniq_edmund
D:6:      layout_loops_cross, mainiacjoe_overflow_six_doors_small,
          temple_fountains, dreamdust_mushroom_princess, grunt_decor_fettered
D:7:      layout_cave_pools, st_stairs_5
D:8:      layout_loops_ring, nicolae_wu_jian_immortal_techniques,
          nicolae_shop_self_help
D:9:      layout_irregular_city, lemuel_flamethrower_2
D:10:     layout_irregular_city, minmay_fractal_squares_diagonal_5, uniq_maggie
D:11:     layout_roguey, lair_entry_dummy, orc_0_dummy,
          nicolae_trove_entry_isolated, serial_shops,
          nicolae_shop_competitors_out_of_business, nicolae_shop_stone,
          nicolae_shop_temple_entry_statues_fountains,
          nicolae_shop_hallway_plus, nicolae_shop_statue_plus
D:12:     layout_cave_pods
Lair:1:   dpeg_oklob_gauntlet, layout_loops_ring, uniq_grum

Skill      XL: |  1  2  3  4  5  6  7  8  9 10 11 12 |
---------------+-------------------------------------+-----
Axes           | 3 4 5 6 7 8 10 12 14 15 17 | 17.5
Dodging        | 1 2 3 4 |  4.5
Fighting       | 4 6 7 8 9 10 | 10.0
Shields        | 4 5 10 11 | 11.1
Throwing       | 1 |  1.9
Armour         | 4 5 8 |  8.3

Action                   |  1- 3 |  4- 6 |  7- 9 | 10-12 || total
-------------------------+-------+-------+-------+-------++-------
Melee: War axe           |    75 |   155 |   243 |     2 ||   475
       Headbutt          |     5 |    17 |    43 |    50 ||   115
       Broad axe         |       |       |       |   422 ||   422
       Morningstar       |       |       |       |     4 ||     4
Throw: Boomerang         |       |       |    12 |    16 ||    28
Invok: Sacrifice an Eye  |       |       |     1 |       ||     1
       Sacrifice Arcana  |       |       |       |     1 ||     1
       Sacrifice Love    |       |       |       |     1 ||     1
  Use: Scroll            |     2 |     6 |     7 |    12 ||    27
       Potion            |     1 |     3 |     3 |     3 ||    10
 Stab: Distracted        |       |       |       |     2 ||     2
Armor: Scale mail        |    22 |       |       |       ||    22
       Chain mail        |     7 |    80 |    94 |    67 ||   248
       Plate armour      |       |       |       |    16 ||    16
Dodge: Dodged            |    27 |    69 |   109 |    23 ||   228
Block: Buckler           |    11 |    32 |    46 |       ||    89
       Kite shield       |       |       |       |   465 ||   465

Table legend:
 A = Non-vault XP
 B = Vault XP
 C = Vault XP percentage of total XP
 D = Non-vault monster count
 E = Vault monster count
 F = Vault count percentage of total count
                 A         B        C        D         E       F
            +---------+---------+-------+---------+---------+-------
      Total |   23607 |    2971 |  11.2 |     232 |      79 |  25.4
            +---------+---------+-------+---------+---------+-------
        D:1 |      41 |       0 |   0.0 |      25 |       0 |   0.0
        D:2 |      28 |       0 |   0.0 |       8 |       0 |   0.0
        D:3 |      89 |      72 |  44.7 |      13 |      12 |  48.0
        D:4 |     218 |     564 |  72.1 |      15 |      11 |  42.3
        D:5 |    1376 |     221 |  13.8 |      30 |       2 |   6.2
        D:6 |     317 |       0 |   0.0 |      10 |       0 |   0.0
        D:7 |    2176 |     217 |   9.1 |      24 |       2 |   7.7
        D:8 |     530 |       0 |   0.0 |      10 |       0 |   0.0
        D:9 |    2787 |       0 |   0.0 |      33 |       0 |   0.0
       D:10 |    4936 |     955 |  16.2 |      32 |       5 |  13.5
       D:11 |    3895 |       0 |   0.0 |      17 |       0 |   0.0
       D:12 |    1871 |       0 |   0.0 |       6 |       0 |   0.0
     Lair:1 |    5343 |     638 |  10.7 |       9 |       5 |  35.7
      Sewer |       0 |     304 | 100.0 |       0 |      42 | 100.0
            +---------+---------+-------+---------+---------+-------
